 Dungeon Crawl Stone Soup version 0.29-a0-1047-g7c58e119a4 (webtiles) character file.

Game seed: 7720808323423190037

62 ytrimaz the Insei (level 3, -5/26 HPs)
             Began as a Demonspawn Transmuter on Aug 16, 2022.
             Slain by Sigmund
             ... wielding a +0 scythe
              (8 damage)
             ... on level 2 of the Dungeon.
             The game lasted 00:01:57 (1845 turns).

ytrimaz the Insei (Demonspawn Transmuter)           Turns: 1845, Time: 00:01:58

Health: -5/26      AC: 12    Str:  9 (10) XL:     3   Next: 85%
Magic:  7/7        EV:  2    Int: 13 (16) God:
Gold:   101        SH:  0    Dex: 10 (13) Spells: 1/7 levels left

rFire   . . .      SeeInvis .     - Unarmed
rCold   . . .      Faith    .   (no shield)
rNeg    . . .      Spirit   .   d - +0 plate armour
rPois   .          Reflect  .   (no helmet)
rElec   .          Harm     .   (no cloak)
rCorr   .          Rampage  .   i - +0 pair of gloves
Will    .....                   h - +0 pair of boots
Stlth   ..........              c - amulet of magic regeneration
HPRegen 0.08/turn               (no ring)
MPRegen 0.50/turn               (no ring)

@: confused, hasted, very quick
A: powered by death 1, sturdy frame 1
a: no special abilities


You were on level 2 of the Dungeon.
You visited 1 branch of the dungeon, and saw 2 of its levels.

You collected 101 gold pieces.

Inventory:

Armour
 a - a +0 robe
 d - a +0 plate armour (worn)
 h - a +0 pair of boots (worn)
 i - a +0 pair of gloves (worn)
Jewellery
 c - an amulet of magic regeneration (around neck)
 f - an amulet of faith


   Skills:
 - Level 1.0 Fighting
 - Level 1.7 Dodging
 + Level 3.6 Unarmed Combat
 * Level 2.7 Spellcasting
 * Level 2.2 Transmutations


You had one spell level left.
You knew the following spells:

 Your Spells              Type           Power      Damage    Failure   Level
a - Beastly Appendage     Tmut           14%        N/A       100%        1
b - Wereblood             Tmut           7%         N/A       100%        2
c - Spider Form           Tmut/Pois      4%         N/A       100%        3

Your spell library contained the following spells:

 Spells                   Type           Power      Damage    Failure   Level
 Ice Form                 Ice/Tmut       4%         N/A       100%        4


Dungeon Overview and Level Annotations

Branches:
Dungeon (2/15)

Altars:

Annotations:
D:2 Sigmund


Innate Abilities, Weirdness & Mutations

You regenerate a little health from kills.
Your movements are slightly less encumbered by armour. (ER -2)


Message History

Sigmund barely misses you.
Unknown command.
You feel yourself speed up. Sigmund hits you but does no damage.
Unknown command.
You hit Sigmund.
Sigmund is moderately wounded.
You hit Sigmund.
Sigmund is moderately wounded.
Unknown command.
You closely miss Sigmund.
Sigmund is moderately wounded.
Sigmund casts a spell at you. You resist with significant effort.
You hit Sigmund.
Sigmund is heavily wounded.
Sigmund gestures at you while chanting. The magic dart hits you.
Unknown command.
You hit Sigmund.
Sigmund is heavily wounded.
You barely miss Sigmund.
Sigmund is heavily wounded.
Sigmund casts a spell at you. The magic dart hits you.
Unknown command.
You closely miss Sigmund. Your punch misses Sigmund.
Sigmund is heavily wounded.
You closely miss Sigmund.
Sigmund is heavily wounded.
Sigmund gestures at you while chanting.
You are confused.
Sigmund hits you but does no damage.
Unknown command.
You see here a +0 whip.
Sigmund casts a spell at you. The puff of flame hits you.
* * * LOW HITPOINT WARNING * * *
You see here a +0 whip.
You bump into the rock wall.
Sigmund hits you with a +0 scythe!
You die...

####.##.#
#....###.#
#.†..##.# #....#
#..
#.#####+########
#.. #.#.........
#.. #.'>........
####.#
###.........
#.....
#†........
#.###.
#.........
#.###.
#@........
#....#
#@........
##....
#......... #...)
#......... #....
#......... #....
#......... #....
#......... #....
######### #....
#....


You could see Sigmund.

Vanquished Creatures
  2 adders (D:2)
  2 dart slugs (D:2)
  3 bats
  4 endoplasms
  A giant cockroach (D:2)
  2 hobgoblins (D:2)
  6 kobolds
  A quokka (D:2)
  4 ball pythons
  A frilled lizard (D:1)
  6 goblins
  5 rats
37 creatures vanquished.

Notes
Turn   | Place    | Note
-------+----------+-------------------------------------------
     0 | D:1      | ytrimaz the Demonspawn Transmuter began the quest for the
                  | Orb.
     0 | D:1      | Reached XP level 1. HP: 15/15 MP: 3/3
   325 | D:1      | Reached skill level 3 in Unarmed Combat
   325 | D:1      | Gained mutation: You regenerate a little health from kills.
                  | [demonic ancestry]
   325 | D:1      | Reached XP level 2. HP: 18/21 MP: 5/5
   943 | D:2      | Gained mutation: Your movements are slightly less
                  | encumbered by armour. (ER -2) [demonic ancestry]
   943 | D:2      | Reached XP level 3. HP: 23/26 MP: 6/6
  1722 | D:2      | Learned a level 2 spell: Wereblood
  1726 | D:2      | Learned a level 3 spell: Spider Form
  1822 | D:2      | Noticed Sigmund
  1845 | D:2      | Slain by Sigmund

Illustrated notes

Levels and vault maps discovered:
D:1:      mrwooster_arrival_arrow, layout_loops_ring
D:2:      layout_basic, uniq_sigmund

Skill      XL: |  1  2 |
---------------+-------+-----
Unarmed Combat | 3 |  3.6
Transmutations | 2 |  2.2
Fighting       | |  1.0
Dodging        | |  1.7
Spellcasting   | |  2.7

Action                   || total
-------------------------++-------
Melee: Unarmed           ||   134
       Kick              ||     2
       Punch             ||     3
       Headbutt          ||     1
 Cast: Beastly Appendage ||     3
  Use: Scroll            ||     3
       Potion            ||     4
 Stab: Sleeping          ||     1
Armor: Robe              ||     6
       Plate armour      ||    77
       Skin              ||     7
Dodge: Dodged            ||    30

Table legend: (Time is in decaauts)
 A = Elapsed time spent in this place.
 B = Non-inter-level travel time spent in this place.
 C = Inter-level travel time spent in this place.
 D = Time resting spent in this place.
 E = Time spent auto-exploring this place.
 F = Levels seen in this place.
 G = Mean time per level.
                   A        B        C        D        E       F      G
               +--------+--------+--------+--------+--------+-----+--------+
         Total |   1833 |   1786 |     47 |    393 |   1050 |   2 |  916.5 |
       Dungeon |   1833 |   1786 |     47 |    393 |   1050 |   2 |  916.5 |
               +--------+--------+--------+--------+--------+-----+--------+

Top non-repeatable levels by time:
     D:2: 1073 daAuts
     D:1: 759 daAuts
